Map: Overgrown Facility

Players

PureLegacy - Winner!

  • Race: Terran Terran
  • Spawn Location: 9:00

Newo - Winner!

  • Race: Terran Terran
  • League: Diamond
  • Spawn Location: 7:00

OwnEd

  • Race: Zerg Zerg
  • Spawn Location: 1:00

IllIlllIIIlI

  • Race: Terran Terran
  • League: Master
  • Spawn Location: 3:00

VOD

Have the link to the VOD?

Description

Time

  • Played on: Nov. 28, 2018, 1:02 p.m.
  • Length: 6:45
Show
View Real Time Build Order
Export as new Build Order

PureLegacy Terran - Winner!

Build Orders:  

Get SALT Encoding   

  12  0:01  SCV  
  13  0:13  SCV  
  14  0:18  Supply Depot  
  14  0:25  SCV  
  15  0:34  Refinery  
  15  0:39  SCV  
  16  0:45  Barracks  
  16  0:52  SCV  
  17  1:06  Barracks  
  17  1:17  Barracks  
  17  1:21  SCV  
  18  1:33  Reaper  
  18  1:39  Orbital Command  
  19  1:46  Refinery  
  20  1:54  Reaper  
  20  2:03  Supply Depot  
  20  2:05  Reaper  
  21  2:11  Reaper  
  21  2:13  SCV  
  23  2:25  SCV  
  23  2:29  Reaper  
  25  2:37  Supply Depot, SCV  
  25  2:40  Reaper  
  27  2:50  Reaper  
  28  2:57  SCV  
  29  3:03  Reaper  
  29  3:05  Barracks x2  
  30  3:12  Reaper  
  31  3:22  SCV  
  31  3:25  Supply Depot  
  31  3:26  Reaper  
  34  3:34  SCV  
  34  3:36  Reaper  
  35  3:46  SCV  
  36  3:52  Reaper x2  
  36  3:53  Reaper  
  38  3:58  Reaper  
  39  4:08  Reaper, SCV  
  41  4:19  Command Center  
  41  4:24  Reaper  
  41  4:25  Reaper  
  41  4:31  Supply Depot, Reaper  
  44  4:32  SCV  
  45  4:39  Reaper  
  46  4:48  SCV  
  47  4:54  Reaper  
  47  4:55  Engineering Bay  
  47  4:57  Refinery x2  
  48  5:00  SCV  
  48  5:11  Reaper x2  
  48  5:13  SCV  
  51  5:17  Reaper  
  51  5:21  Supply Depot  
  52  5:25  SCV  
  52  5:27  Reaper  
  55  5:35  Orbital Command  
  55  5:43  Reaper  
  55  5:51  Reaper  
  55  5:53  Barracks  
  55  5:54  Barracks, SCV  
  55  6:04  Reaper x2  
  55  6:05  Reaper  
  55  6:06  SCV x2  
  60  6:18  SCV  
Show
View Real Time Build Order
Export as new Build Order

Newo Terran - Winner!

Build Orders: Reaper Expand 

Get SALT Encoding   

  12  0:01  SCV  
  13  0:13  SCV  
  14  0:19  Supply Depot  
  14  0:25  SCV  
  15  0:40  SCV  
  16  0:44  Barracks  
  16  0:49  Refinery  
  16  0:53  SCV  
  17  1:05  SCV  
  18  1:19  SCV  
  19  1:36  Orbital Command  
  19  1:37  Reaper  
  20  1:48  Command Center  
  20  1:53  Refinery  
  20  2:00  Supply Depot  
  20  2:03  SCV  
  21  2:14  Barracks Reactor  
  21  2:15  SCV  
  21  2:22  Barracks  
  22  2:28  Factory  
  22  2:35  SCV  
  23  2:49  SCV  
  24  2:54  Marine x2  
  26  3:01  SCV  
  26  3:03  Orbital Command  
  27  3:17  Factory Reactor  
  27  3:18  Barracks Tech Lab  
  28  3:20  Armory  
  28  3:23  Starport  
  27  3:29  Marine x2  
  27  3:30  SCV  
  30  3:35  SCV  
  31  3:43  SCV  
  31  3:45  Marine  
  31  3:48  Stimpack  
  30  4:09  SCV x2  
  28  4:10  Barracks Reactor  
  28  4:12  Starport Reactor  
  28  4:22  SCV  
  29  4:24  SCV  
  29  4:27  Supply Depot  
  29  4:28  Supply Depot  
  30  4:47  Supply Depot  
  30  4:48  Marine, SCV x2  
  30  4:49  Hellion x2  
  30  4:50  Marine x2  
  39  5:00  Supply Depot, SCV  
  39  5:06  Marine  
  41  5:07  Supply Depot  
  41  5:11  Marine x2  
  41  5:13  Medivac x2  
  47  5:16  SCV  
  47  5:20  SCV  
  49  5:24  Marine  
  50  5:29  Marine x2  
  50  5:30  Widow Mine  
  50  5:31  Widow Mine  
  50  5:32  SCV  
  50  5:35  Refinery x2  
  57  5:45  SCV x2  
  57  5:47  Marine x2  
  60  6:04  Marine  
  60  6:05  Marine  
  60  6:06  SCV  
  60  6:11  Command Center  
  63  6:15  Barracks  
  63  6:16  Barracks, SCV  
  64  6:19  SCV  
  65  6:27  Supply Depot  
  65  6:28  SCV  
  65  6:30  Supply Depot  
Show
View Real Time Build Order
Export as new Build Order

OwnEd Zerg 

Build Orders: Pool First 

Get SALT Encoding   

  12  0:02  Drone  
  13  0:08  Overlord  
  13  0:14  Extractor  
  13  0:16  Extractor  
  11  0:21  Spawning Pool  
  11  0:25  Drone  
  11  0:42  Drone, Hatchery  
  11  0:45  Drone  
  11  0:47  Drone  
  13  1:08  Metabolic Boost, Queen  
  15  1:13  Zergling x4  
  17  1:18  Baneling Nest  
  17  1:24  Drone  
  17  1:27  Overlord  
  17  1:39  Zergling x2  
  18  1:54  Queen  
  18  1:55  Zergling x2  
  18  1:56  Zergling x2  
  22  2:03  Zergling x2  
  22  2:04  Hatchery  
  22  2:07  Zergling x2  
  23  2:15  Zergling x2  
  23  2:16  Zergling x2  
  23  2:19  Overlord  
  23  2:20  Zergling x4  
  27  2:25  Spine Crawler  
  27  2:28  Zergling x2  
  27  2:29  Zergling x2  
  28  2:54  Baneling  
  28  2:55  Zergling x2  
  28  2:56  Zergling x12  
  35  3:00  Zergling x2  
  35  3:12  Zergling x4  
  37  3:15  Lair  
  37  3:17  Roach Warren  
  37  3:18  Queen  
  38  3:29  Baneling x4  
  37  3:39  Drone  
  37  3:40  Drone x4  
  26  4:06  Roach x4  
  26  4:07  Roach x2  
  33  4:14  Glial Reconstitution  
  33  4:36  Roach x4  
  41  4:41  Drone x2  
  41  4:42  Drone  
  42  5:18  Roach  
  42  5:19  Roach x3  
  42  5:20  Overlord  
  50  5:49  Roach  
  58  5:50  Roach x3  
  50  6:07  Roach  
  50  6:08  Roach x3  
  50  6:23  Roach x2  
Show
View Real Time Build Order
Export as new Build Order

IllIlllIIIlI Terran 

Build Orders:  

Get SALT Encoding   

  12  0:11  SCV  
  13  0:32  SCV  
  10  3:20  SCV  
  11  4:12  SCV  
Tags
 
Add a new tag
Caveats
  • Supply blocks, unpowered buildings, or Contaminate may cause inaccurate times.
  • Supply counts are checked every 10 seconds.